 Dungeon Crawl Stone Soup version 0.30.1-11-g7821555f0a (webtiles) character file.

Game seed: 10771132699939698304

602945 VictorL the Slayer (level 26, -1/256 HPs)
             Began as a Minotaur Fighter on Dec 12, 2023.
             Was the Champion of the Shining One.
             Slain by an Orb Guardian (27 damage)
             ... on level 5 of the Realm of Zot on Dec 25, 2023.
             The game lasted 15:57:21 (55359 turns).

VictorL the Slayer (Minotaur Fighter)              Turns: 55359, Time: 15:57:21

Health: -1/256     AC: 33    Str: 32    XL:     26   Next: 2%
Magic:  14/35      EV: 16    Int:  2    God:    the Shining One [******]
Gold:   4270       SH: 31    Dex: 17    Spells: 24/39 levels left

rFire   . . .        K - +4 broad axe of Karma {freeze, Will+}
rCold   + . .        z - +2 kite shield {reflect}
rNeg    + + +        F - +6 gold dragon scales
rPois   +            (helmet restricted)
rElec   +            B - +2 cloak {Stlth+}
rCorr   .            R - +2 pair of gloves
SInv    .            M - +2 pair of boots {rampage}
Will    +++..        N - amulet of Retye {Fly Will+ Regen+} Stlth
                     s - ring of Deronit {rElec rN+ EV+5 Str+3}
HPRegen 1.42/turn    E - ring of wizardry
MPRegen 0.24/turn

%: random rage (3%), reflection, rampage, wizardry (x1)
@: divinely shielded, flying, glowing, studying 4 skills
A: horns 2, retaliatory headbutt, hooves 1, agile 1, berserk 1, deformed body,
dopey 1, teleportitis 1, heat vulnerability 1, subdued magic 1
0: Orb of Zot
}: 4/15 runes: serpentine, barnacled, silver, abyssal
a: Renounce Religion, Divine Shield, Cleansing Flame, Summon Divine Warrior,
Brand Weapon With Holy Wrath


You were on level 5 of the Realm of Zot.
You worshipped the Shining One.
The Shining One was exalted by your worship.
You visited 10 branches of the dungeon, and saw 48 of its levels.
You visited the Abyss 1 time.
You visited 1 bazaar.
You also visited: Sewer, Ossuary, Ice Cave and Volcano.

You collected 7868 gold pieces.
You spent 3598 gold pieces at shops.

Inventory:

Hand Weapons
 c - the +7 great mace "Firestarter" {flame, immolate, rFlCloud rF++}
   (You found it on level 3 of the Vaults)

   rFlCloud:  It grants immunity to clouds of flame.
   rF:        It greatly protects you from fire.
 e - a +9 great mace of holy wrath
 K - the +4 broad axe of Karma (weapon) {freeze, Will+}
   (You took it off a vault warden on level 5 of the Vaults)

   Will:      It increases your willpower.
 L - the +3 greatsling "Punk" {acid, rCorr}
   (You found it on level 5 of the Vaults)

   rCorr:     It protects you from acid and corrosion.
 Z - the +4 short sword of the Dozen Geomancers {antimagic, +Blink rPois rF+++ Str-5}
   (You found it on level 1 of the Vaults)

   Str:       It affects your strength (-5).
   rF:        It renders you almost immune to fire.
   rPois:     It protects you from poison.
   +Blink:    It lets you blink.
Armour
 i - the +18 shield of the Gong {Loud rN+ Will+ rCorr EV-5}
   (You found it on level 5 of the Vaults)

   Loud:      It is deafeningly noisy when blocking attacks.
   EV:        It affects your evasion (-5).
   rN:        It protects you from negative energy.
   rCorr:     It protects you from acid and corrosion.
   Will:      It increases your willpower.
 n - the +1 hat of Catatonia {rF++ rC+ Str-3 Stlth+}
   (You found it on level 5 of the Vaults)

   Str:       It affects your strength (-3).
   rF:        It greatly protects you from fire.
   rC:        It protects you from cold.
   Stlth:     It makes you more stealthy.
 o - a +2 hat of willpower
 z - a +2 kite shield of reflection (worn)
 B - a +2 cloak of stealth (worn)
 F - +6 gold dragon scales (worn)
 M - a +2 pair of boots of rampaging (worn)
 R - a +2 pair of gloves (worn)
Jewellery
 r - the ring "Hizosuj" {rF+ AC+4}
   (You took it off a deep elf demonologist on level 3 of the Elven Halls)

   [ring of protection]

   AC:        It affects your AC (+4).
   rF:        It protects you from fire.
 s - the ring of Deronit (left hand) {rElec rN+ EV+5 Str+3}
   (You took it off a vault sentinel on level 4 of the Vaults)

   [ring of evasion]

   EV:        It affects your evasion (+5).
   Str:       It affects your strength (+3).
   rElec:     It insulates you from electricity.
   rN:        It protects you from negative energy.
 v - the amulet "Gickausa" {Reflect Will+ SH+5}
   (You found it on level 3 of the Depths)

   [amulet of reflection]

   It reflects blocked missile attacks.
   SH:        It affects your SH (+5).
   Will:      It increases your willpower.
 E - a ring of wizardry (right hand)
 N - the amulet of Retye (around neck) {Fly Will+ Regen+}
   (You found it on level 3 of the Depths)

   [amulet of regeneration]

   Fly:       It grants you flight.
   Regen:     It increases your rate of health regeneration.
   Will:      It increases your willpower.
 Q - a ring of willpower
 T - a ring of resist corrosion
Wands
 a - a wand of light (18)
 l - a wand of polymorph (17)
 q - a wand of paralysis (55)
 U - a wand of digging (20)
 V - a wand of flame (40)
 W - a wand of mindburst (48)
 X - a wand of roots (46)
Scrolls
 f - 5 scrolls of immolation
 j - 21 scrolls of teleportation
 m - 3 scrolls of fog
 A - 6 scrolls of silence
 C - 10 scrolls of amnesia
 H - 13 scrolls of poison
 J - 2 scrolls of blinking
 P - 8 scrolls of summoning
 Y - 12 scrolls of fear
Potions
 d - 30 potions of curing
 g - a potion of heal wounds
 h - 14 potions of ambrosia
 k - 8 potions of cancellation
 t - 3 potions of mutation
 u - 6 potions of haste
 x - 4 potions of resistance
 D - 4 potions of might
 G - 11 potions of lignification
 O - 7 potions of berserk rage
Miscellaneous
 b - a phial of floods
 p - a lightning rod (4/4)
 w - a box of beasts
 I - a phantom mirror (inert)
 S - a tin of tremorstones (2/2)


   Skills:
 + Level 24.4 Fighting
 + Level 4.9 Long Blades
 + Level 23.8(25.5) Axes
 + Level 16.3(22.0) Maces & Flails
 + Level 8.1 Ranged Weapons
 + Level 7.2 Throwing
 + Level 17.7 Armour
 + Level 9.2 Dodging
 + Level 1.2 Stealth
 + Level 20.4 Shields
 + Level 7.1 Spellcasting
 + Level 4.4 Hexes
 + Level 7.1 Translocations
 + Level 5.8 Transmutations
 + Level 5.6 Ice Magic
 * Level 2.8 Air Magic
 * Level 19.1 Invocations
 * Level 12.3 Evocations


You had 24 spell levels left.
You knew the following spells:

 Your Spells              Type           Power      Damage    Failure   Level
a - Frozen Ramparts       Ice            4%         1d1       38%         3
b - Ensorcelled Hibernat  Hex/Ice        4%         N/A       26%         2
c - Ozocubu's Armour      Ice            2%         N/A       38%         3
d - Wereblood             Tmut           2%         N/A       21%         2
e - Blink                 Tloc           4%         N/A       12%         2
f - Vhi's Electric Charg  Tloc/Air       4%         N/A       45%         3

Your spell library contained the following spells:

 Spells                   Type           Power      Damage    Failure   Level
 Lesser Beckoning         Tloc           4%         N/A       12%         2
 Beastly Appendage        Tmut           4%         N/A       13%         1
 Portal Projectile        Hex/Tloc       4%         N/A       38%         3
 Momentum Strike          Conj/Tloc      2%         3d8       43%         2
 Tukima's Dance           Hex            1%         N/A       54%         3
 Shock                    Conj/Air       0%         1d3       58%         1
 Manifold Assault         Tloc           2%         N/A       58%         4
 Volatile Blastmotes      Fire/Tloc      2%         2d10      65%         3
 Static Discharge         Conj/Air       0%         2-2/arc   73%         2
 Spider Form              Tmut/Pois      1%         N/A       77%         3
 Swiftness                Air            1%         N/A       77%         3
 Ice Form                 Ice/Tmut       2%         N/A       77%         4
 Magic Dart               Conj           0%         1d3       78%         1
 Summon Small Mammal      Summ           0%         N/A       78%         1
 Dazzling Flash           Conj/Hex       2%         N/A       85%         3
 Summon Guardian Golem    Hex/Summ       1%         N/A       85%         3
 Ignite Poison            Fire/Tmut/Pois 1%         N/A       87%         3
 Scorch                   Fire           0%         2d5       89%         2
 Searing Ray              Conj           0%         2d4       89%         2
 Sublimation of Blood     Necr           0%         N/A       89%         2
 Iskenderun's Mystic Bla  Conj/Tloc      1%         2d3       96%         4
 Blade Hands              Tmut           1%         N/A       97%         5
 Call Canine Familiar     Summ           0%         N/A       98%         3
 Airstrike                Air            0%         2d(1-17)  98%         4
 Petrify                  Tmut/Erth      1%         N/A       98%         4
 Summon Ice Beast         Ice/Summ       1%         N/A       98%         4
 Anguish                  Hex/Necr       0%         N/A       99%         4
 Fulminant Prism          Conj/Hex       0%         3d5       99%         4
 Leda's Liquefaction      Hex/Erth       0%         N/A       99%         4
 Metabolic Englaciation   Hex/Ice        1%         N/A       99%         5
 Animate Dead             Necr           0%         N/A       100%        4
 Flame Wave               Conj/Fire      0%         2d4       100%        4
 Summon Lightning Spire   Summ/Air       0%         N/A       100%        4
 Agony                    Necr           0%         N/A       100%        5
 Alistair's Intoxication  Tmut/Pois      0%         N/A       100%        5
 Arcjolt                  Conj/Air       0%         1d10      100%        5
 Borgnjor's Vile Clutch   Necr/Erth      0%         N/A       100%        5
 Irradiate                Conj/Tmut      0%         3d11      100%        5
 Iskenderun's Battlesphe  Conj           0%         2d6       100%        5
 Lee's Rapid Deconstruct  Erth           0%         3d4*      100%        5
 Silence                  Hex/Air        0%         N/A       100%        5
 Summon Forest            Summ/Tloc      0%         N/A       100%        5
 Summon Mana Viper        Hex/Summ       1%         N/A       100%        5
 Eringya's Noxious Bog    Tmut/Pois      0%         N/A       100%        6
 Iron Shot                Conj/Erth      0%         9d1       100%        6
 Simulacrum               Ice/Necr       0%         N/A       100%        6
 Starburst                Conj/Fire      0%         6d3       100%        6
 Statue Form              Tmut/Erth      0%         N/A       100%        6
 Summon Cactus Giant      Summ           0%         N/A       100%        6
 Haunt                    Necr/Summ      0%         N/A       100%        7
 Monstrous Menagerie      Summ           0%         N/A       100%        7
 Ozocubu's Refrigeration  Ice            1%         4d7       100%        7
 Spellforged Servitor     Conj/Summ      0%         N/A       100%        7
 Storm Form               Tmut/Air       0%         N/A       100%        7
 Summon Hydra             Summ           0%         N/A       100%        7
 Infestation              Necr           0%         N/A       100%        8
 Maxwell's Capacitive Co  Air            0%         ∞         100%        8
 Summon Horrible Things   Summ           0%         N/A       100%        8
 Fire Storm               Conj/Fire      0%         5d1       100%        9
 Shatter                  Erth           0%         3d5*      100%        9


Dungeon Overview and Level Annotations

Branches:
Dungeon (15/15)            Temple (1/1) D:6            Lair (5/5) D:10
 Shoals (4/4) Lair:2        Snake (4/4) Lair:3        Slime (0/5) Lair:5
    Orc (2/2) D:12            Elf (3/3) Orc:2        Vaults (5/5) D:14
  Crypt (0/3) Vaults:3     Depths (4/4) D:15            Zot (5/5) Depths:4
  Sewer (visited)         Ossuary (visited)           IceCv (visited)
Volcano (visited)

Altars:
Ashenzari
Cheibriados
Dithmenos
Elyvilon
Fedhas
Gozag
Hepliaklqana
Kikubaaqudgha
Makhleb
Nemelex Xobeh
Okawaru
Qazlal
Ru
Sif Muna
Trog
Uskayaw
Vehumet
Wu Jian
Xom
Yredelemnul
Zin
The Shining One
Jiyva

Shops:
D:6 [   D:9 =   Orc:2 *(:[   Elf:1 =   Elf:3 ?   Snake:3 [   Vaults:3 [
Vaults:4 !

Portals:
Hell: Depths:1 Depths:2 Depths:3 Depths:4
Abyss: Depths:1 Depths:3
Pandemonium: Depths:1 Depths:2 Depths:4
Ziggurat: Depths:4
Trove: Elf:3 (give 11 potions of heal wounds)

Annotations:
Zot:1 2 transporters


Innate Abilities, Weirdness & Mutations

You have a pair of horns on your head.
You reflexively headbutt those who attack you in melee.
You have large cloven feet.
You are agile. (Dex +4, Str/Int -1)
You sometimes lose your temper in combat.
Armour fits poorly on your strangely shaped body.
You are dopey. (Int -2)
You are occasionally teleported next to monsters.
You are vulnerable to heat. (rF-)
Your spells are a little easier to cast, but a little less powerful.


Message History

The electric golem barely misses you.
You block the electric golem's attack. x2
The electric golem completely misses you.
You block the electric golem's attack. x3; The electric golem hits you.
* * * LOW HITPOINT WARNING * * *
You block the electric golem's attack. x2
The electric golem closely misses you.
The electric golem hits you but does no damage.
The electric golem hurls lightning at you.
The bolt of lightning hits you! You resist.
* * * LOW HITPOINT WARNING * * *
The ancient lich attacks as you move away!
You block the ancient lich's attack.
The electric golem crackles and sizzles.
The electric golem hurls lightning at you.
The bolt of lightning misses you.
A great orb of eyes comes into view.
The ancient lich attacks as you move away!
The ancient lich misses you. You furiously retaliate!
You headbutt the ancient lich.
The electric golem crackles and sizzles.
The ancient lich gestures at you while chanting.
Your +2 kite shield of reflection blocks the crystal spear... and reflects it back!
The crystal spear hits the ancient lich!!!
The electric golem blinks!
The great orb of eyes gazes at you. You resist with almost no effort.
The ancient lich touches you but does no damage.
The electric golem blinks!
You block the electric golem's attack. x4
The great orb of eyes attacks as you move away!
You block the great orb of eyes's attack.
The ancient lich attacks as you move away!
You block the ancient lich's attack. The electric golem hits you.
* * * LOW HITPOINT WARNING * * *
The electric golem shocks you. You resist.
* * * LOW HITPOINT WARNING * * *
You block the electric golem's attack.
The electric golem hits you but does no damage. x2
The Orb Guardian hits you!!
You die...

#.....#####.......##..
##X...##.........##...
#..9###........<..... #
#.#*§.##.............. ##
#^##....#.............#
.## ##.#
#..........^###...##
..#######.## ##..9.......#
#...#
..........^#####LXG.....##
#####
..........^.....@.#.....#
..............)..##...###
..####.....############
### #.....# ##.....#
##.##...# # ##.#######
###.## ##.##


You could see an orb of fire, 2 electric golems, an ancient lich (fast,
invisible), 2 Orb Guardians and a great orb of eyes.

Vanquished Creatures
  2 dread liches
  An orb of fire (Zot:5)
  4 ancient liches
  A juggernaut (Depths:3)
  A shard shrike (Depths:3)
  Vashnia (Snake:3)
  2 Killer Klowns (Zot:5)
  2 curse toes
  Saint Roka (Vaults:3)
  11 golden dragons
  3 bone dragons
  The ghost of Saoroy the Warrior, an adept MiFi of Okawaru (Vaults:3)
  2 electric golems
  Zenata (Elf:1)
  15 tentacled monstrosities
  5 titans
  2 walking earthen tomes (Depths:3)
  3 liches
  3 deep elf master archers (Elf:3)
  21 Orb Guardians (Zot:5)
  5 deep elf blademasters
  4 sphinxes
  6 quicksilver dragons
  A tentacled starspawn (Abyss:4)
  Gastronok (Lair:2)
  12 death cobs
  Polyphemus (Shoals:2)
  The ghost of Byusuceo the Brawler, an adept TrMo of Nemelex Xobeh (Depths:3)
  Kirke (D:12)
  12 shadow dragons
  9 draconian monks
  2 krakens
  8 tengu reavers
  The ghost of Sikhub the Eclecticist, an adept DECj of Sif Muna (Snake:2)
  19 storm dragons
  Ilsuiw (Shoals:3)
  4 draconian knights
  7 nagarajas
  Roxanne (Elf:2)
  10 fire giants
  6 ghost moths
  6 deep elf sorcerers
  6 draconian scorchers
  4 iron dragons (Depths:3)
  22 vault wardens
  3 deep elf elementalists (Elf:3)
  Louise (Snake:3)
  A caustic shrike zombie (D:15)
  5 frost giants
  3 spectral caustic shrikes (Depths:3)
  A balrug (Depths:3)
  6 draconian stormcallers
  3 draconian annihilators
  A cacodemon (D:15)
  A juggernaut skeleton (D:15)
  4 draconian shifters
  32 very ugly things
  2 war gargoyles
  3 reapers (Depths:3)
  5 ironbound thunderhulks
  19 ironbound preservers
  An orc warlord (Orc:2)
  3 vampire knights
  8 green draconians
  The ghost of kalagan the Eclecticist, a journeyman DECj of Sif Muna (Elf:2)
  14 stone giants
  10 black draconians
  4 deep elf demonologists
  2 lorocyprocas (Abyss:4)
  11 deep elf annihilators
  12 red draconians
  5 spark wasps (Depths:3)
  Nessos (Lair:4)
  Azrael (D:12)
  15 purple draconians
  6 dire elephants
  13 yellow draconians
  7 white draconians
  14 ettins
  An iron golem (Depths:1)
  7 merfolk javelineers
  7 deep elf death magi
  A green death (Depths:2)
  The ghost of Loaloix the Fighter, a journeyman GrMo of Hepliaklqana (D:15)
  Snorg (D:12)
  A blizzard demon (Depths:3)
  11 yaktaur captains
  2 crystal guardians (Vaults:2)
  12 merfolk impalers
  An entropy weaver (Vaults:4)
  13 fire dragons
  7 great orbs of eyes
  3 deep elf high priests
  An entropy weaver (shapeshifter) (D:15)
  2 rakshasas
  A spriggan zombie (Abyss:4)
  3 ogre magi
  2 salamander tyrants (Snake:4)
  7 ice dragons
  Harold (Orc:1)
  3 peacekeepers
  A hell beast (Depths:3)
  A hydra (Lair:4)
  2 catoblepae
  36 vault guards
  8 anacondas
  8 two-headed ogres
  5 spriggan air magi
  9 ironbound frosthearts
  4 boulder beetles
  4 merfolk aquamancers (Shoals:4)
  8 centaur warriors
  A death knight (D:14)
  13 naga warriors
  19 dancing weapons
  9 death yaks
  4 merfolk avatars
  A vampire mage (D:15)
  An alligator (shapeshifter) (Vaults:5)
  5 deep troll earth magi
  7 tengu warriors
  8 spriggan berserkers
  Urug (D:12)
  5 deep troll shamans
  2 orc high priests
  3 shock serpents
  A hell knight (Vaults:4)
  12 naga sharpshooters
  A soul eater (Depths:2)
  A titan skeleton (Depths:3)
  3 wretched stars (Abyss:4)
  3 salamander mystics
  3 skysharks
  17 deep elf knights
  7 skeletal warriors
  2 spark wasp zombies
  A flayed ghost (Vaults:4)
  A death drake (shapeshifter) (Elf:1)
  4 iron trolls
  9 sea snakes
  9 naga ritualists
  45 deep trolls
  23 wizards
  16 ironbound convokers
  A bog body (IceCv)
  5 orc knights
  7 glowing orange brains
  6 phantasmal warriors
  11 deep elf archers
  5 necromancers
  13 lindwurms
  32 deep elf pyromancers
  19 deep elf zephyrmancers
  2 fauns
  21 harpies
  A human zombie (Vaults:1)
  8 orc sorcerers
  4 cyclopes
  11 mana vipers
  14 manticores
  9 salamanders
  54 ugly things
  A frost giant zombie (D:15)
  A manticore (shapeshifter) (Vaults:3)
  A tengu skeleton (Vaults:1)
  A sphinx skeleton (Vaults:1)
  20 moths of wrath
  16 elephants
  2 ice statues (IceCv)
  5 guardian serpents
  7 merfolk sirens
  A frost giant skeleton (Depths:3)
  7 water nymphs
  3 black mambas (shapeshifter)
  45 black mambas
  2 molten gargoyles (Volcano)
  6 smoke demons
  An apocalypse crab (Abyss:4)
  17 naga magi
  A torpor snail (Lair:5)
  17 vault sentinels
  A water nymph (shapeshifter) (Vaults:5)
  8 cane toads
  A gargoyle (D:11)
  Maggie (Lair:2)
  Psyche (D:12)
  A yaktaur zombie (Vaults:1)
  6 komodo dragons
  A hellion (Abyss:4)
  36 yaktaurs
  A tengu conjurer (Depths:3)
  An efreet (D:13)
  3 unseen horrors
  A rime drake (shapeshifter) (D:13)
  5 rime drakes
  7 ice devils
  2 anaconda simulacra (IceCv)
  6 freezing wraiths
  A troll (shapeshifter) (Elf:1)
  3 ancient zymes (Abyss:4)
  12 trolls
  2 wind drakes (shapeshifter) (D:15)
  A hellwing (Depths:2)
  A queen bee (Lair:1)
  A tarantella (shapeshifter) (D:15)
  2 hornets
  37 merfolk
  3 large abominations (Abyss:4)
  9 wind drakes
  8 blink frogs
  22 dream sheep
  3 snapping turtles
  A fire giant simulacrum (Vaults:1)
  4 raiju (Abyss:4)
  3 spectral black mambas (Snake:2)
  36 slime creatures
  A spriggan (shapeshifter) (D:15)
  A spriggan (Depths:2)
  9 air elementals
  4 wyverns
  4 dire elephant simulacra (IceCv)
  A small abomination (Abyss:4)
  3 vampires
  26 water elementals
  A wraith (D:10)
  55 yaks
  20 humans (D:14)
  A yak (shapeshifter) (Vaults:1)
  A ynoxinul (Depths:2)
  13 starcursed masses (Abyss:4)
  A human (shapeshifter) (D:12)
  10 fire bats (Volcano)
  7 basilisks
  4 fire elementals
  A hog (D:12)
  3 neqoxecs
  2 steam dragons
  A chaos spawn (Abyss:4)
  7 vampire mosquitoes
  2 redbacks (Vaults:4)
  54 nagas
  7 wargs
  A harpy simulacrum (IceCv)
  3 acid dragons
  5 hell hounds
  2 spectral nagas (Snake:2)
  3 hydra simulacra (IceCv)
  13 water moccasins
  29 orc warriors
  A swamp drake (shapeshifter) (Vaults:5)
  2 sky beasts
  An ice beast (D:5)
  7 black bears
  9 ogres
  2 black mamba simulacra (Snake:2)
  14 wolves
  11 centaurs
  Blork the orc (Orc:2)
  4 scorpions
  10 bullfrogs
  A cane toad simulacrum (IceCv)
  5 kobold brigands
  2 salamander simulacra (Snake:2)
  A gnoll sergeant (D:5)
  8 wights
  3 earth elementals
  33 killer bees
  An electric eel (Lair:4)
  9 lava snakes
  6 howler monkeys
  2 hounds (D:5)
  A gnoll bouda (D:8)
  13 orc priests
  2 jellies
  3 iguanas
  Natasha (thrice) (D:2)
  23 orc wizards
  A polar bear simulacrum (IceCv)
  A mummy (Ossuary)
  16 gnolls
  6 adders
  4 river rats (Sewer)
  5 naga simulacra
  A shadow imp (D:7)
  An ufetubus (D:4)
  3 worms
  7 dart slugs
  55 orcs
  5 spectral bats (Ossuary)
  11 ball pythons
  8 bats
  4 endoplasms
  3 giant cockroaches
  10 hobgoblins
  6 jackals (Sewer)
  5 quokkas
  3 bat simulacra (Ossuary)
  6 frilled lizards
  12 gnoll zombies (Ossuary)
  10 goblins
  A goblin simulacrum (Ossuary)
  4 goblin zombies (Ossuary)
  4 hobgoblin zombies (Ossuary)
  27 kobolds
  4 kobold simulacra (Ossuary)
  5 kobold zombies (Ossuary)
  5 orc zombies (Ossuary)
  11 rats
  4 rat simulacra (Ossuary)
  3 spectral goblins (Ossuary)
  6 spectral kobolds (Ossuary)
  4 spectral rats (Ossuary)
  A starspawn tentacle (Abyss:4)
  5 tentacles
2209 creatures vanquished.

Vanquished Creatures (collateral kills)
  A dread lich (Vaults:3)
  A caustic shrike (Depths:3)
  A bone dragon (Abyss:4)
  An Orb Guardian (Zot:5)
  A tentacled starspawn (Abyss:4)
  A draconian annihilator (Zot:3)
  A red draconian (Zot:3)
  A blizzard demon (Depths:3)
  A vault guard (Vaults:4)
  7 dancing weapons (Elf:2)
  A vampire mage (Abyss:4)
  A deep elf knight (Elf:2)
  A deep elf zephyrmancer (Elf:2)
  A deep elf pyromancer (Elf:2)
  A smoke demon (Abyss:4)
  A yaktaur (Vaults:4)
  A tormentor (Depths:3)
  A ynoxinul (Abyss:4)
  A water elemental (Shoals:4)
  2 neqoxecs (Abyss:4)
  2 large abominations (Abyss:4)
  3 starcursed masses (Abyss:4)
  A starspawn tentacle (Abyss:4)
33 creatures vanquished.

Vanquished Creatures (others)
  A deep elf elementalist (Elf:3)
  A deep elf knight (Elf:3)
  A deep elf zephyrmancer (Elf:1)
  A manticore (D:13)
  An ugly thing (Vaults:1)
  A water nymph (Shoals:4)
  A yaktaur (Vaults:5)
  A tengu conjurer (Depths:2)
  5 humans (D:12)
  2 large abominations (Abyss:4)
  A warg (D:12)
  An orc wizard (Orc:2)
  A starspawn tentacle (Abyss:4)
  7 tentacles
25 creatures vanquished.

Grand Total: 2267 creatures vanquished

Notes
Turn   | Place    | Note
-------+----------+-------------------------------------------
     0 | D:1      | VictorL the Minotaur Fighter began the quest for the Orb.
     0 | D:1      | Reached XP level 1. HP: 19/19 MP: 0/0
    95 | D:1      | Reached skill level 4 in Fighting
    95 | D:1      | Reached XP level 2. HP: 27/27 MP: 1/1
   869 | D:2      | Reached XP level 3. HP: 24/34 MP: 2/2
   921 | D:2      | Noticed Natasha
   927 | D:2      | Killed Natasha
   929 | D:2      | Reached XP level 4. HP: 18/41 MP: 3/3
  1008 | D:2      | Noticed Natasha
  1014 | D:2      | Killed Natasha
  1062 | D:2      | Noticed Natasha
  1071 | D:2      | Killed Natasha
  1278 | D:3      | Found a glowing drain.
  1322 | Sewer    | Entered a sewer
  1349 | Sewer    | Reached XP level 5. HP: 37/47 MP: 4/4
  1395 | Sewer    | Reached skill level 5 in Axes
  1395 | Sewer    | Reached skill level 1 in Dodging
  1503 | Sewer    | Reached skill level 5 in Fighting
  1545 | Sewer    | Reached XP level 6. HP: 56/56 MP: 5/5
  2567 | D:4      | Reached skill level 5 in Armour
  2585 | D:4      | Reached skill level 1 in Throwing
  2735 | D:5      | Entered Level 5 of the Dungeon
  2816 | D:5      | Reached XP level 7. HP: 61/61 MP: 6/6
  2995 | D:5      | Reached skill level 5 in Shields
  3041 | D:5      | Found an opulent altar of Gozag.
  3097 | D:5      | Noticed a +0 spear
  3098 | D:5      | Noticed a +0 falchion
  3099 | D:5      | Noticed a +0 dagger
  3100 | D:5      | Noticed a +0 short sword
  3100 | D:5      | Noticed a +0 dagger
  3115 | D:5      | Found a sand-covered staircase.
  3122 | Ossuary  | Entered an ossuary
  3453 | D:5      | Noticed a +0 short sword
  3455 | D:5      | Noticed a +0 falchion
  3456 | D:5      | Noticed a +0 spear
  3459 | D:5      | Reached XP level 8. HP: 68/70 MP: 7/7
  3476 | D:5      | Found a hide-covered altar of Uskayaw.
  3719 | D:5      | Learned a level 3 spell: Frozen Ramparts
  3733 | D:5      | Identified the +0 ring mail of Follow the Leader {Harm
                  | *Corrode +Inv rC++}
  3917 | D:5      | Identified the +10 falchion of Governance {flame, Int+3}
  4144 | D:6      | Found Caphonul's Antique Armour Emporium.
  4149 | D:6      | Bought a pair of runed boots for 172 gold pieces
  4388 | D:6      | Found a staircase to the Ecumenical Temple.
  4399 | D:6      | Identified 2 scrolls of acquirement
  4402 | D:6      | Acquired the ring "Orghet" {rC+ Dex+5}
  4410 | D:6      | Acquired a manual of Staves
  4421 | Temple   | Entered the Ecumenical Temple
  4429 | Temple   | Became a worshipper of the Shining One
  4728 | D:7      | Noticed a troll
  4734 | D:6      | Reached skill level 6 in Fighting
  4821 | D:7      | Reached skill level 1 in Long Blades
  4821 | D:7      | Reached skill level 1 in Ice Magic
  4959 | D:7      | Reached skill level 1 in Spellcasting
  5144 | D:7      | Found a stormy altar of Qazlal.
  5299 | D:7      | Noticed a cyclops
  5313 | D:7      | Killed a cyclops
  5314 | D:7      | Reached skill level 10 in Axes
  5314 | D:7      | Reached XP level 9. HP: 47/78 MP: 8/10
  5532 | D:7      | Killed a troll
  5579 | D:7      | Found a radiant altar of Vehumet.
  5579 | D:7      | Found a shimmering altar of Xom.
  5587 | D:7      | Found a sparkling altar of Nemelex Xobeh.
  5590 | D:7      | Found a bloodstained altar of Trog.
  5592 | D:7      | Found a basalt altar of Yredelemnul.
  5733 | D:7      | Found a hazy altar of Hepliaklqana.
  5807 | D:6      | Bought a glowing cloak for 172 gold pieces
  5868 | D:8      | Reached * piety under the Shining One
  5880 | D:8      | Reached skill level 1 in Invocations
  6075 | D:8      | Noticed a two-headed ogre
  6086 | D:8      | Killed a two-headed ogre
  6087 | D:8      | Reached skill level 7 in Fighting
  6140 | D:8      | Reached XP level 10. HP: 57/86 MP: 12/12
  6891 | D:9      | Found Cetral's Jewellery Shop.
  7039 | D:9      | Reached ** piety under the Shining One
  7045 | D:9      | Reached skill level 8 in Fighting
  7277 | D:10     | Entered Level 10 of the Dungeon
  7351 | D:10     | Found a snail-covered altar of Cheibriados.
  7511 | D:10     | Noticed a two-headed ogre
  7512 | D:10     | Noticed a two-headed ogre
  7523 | D:10     | Killed a two-headed ogre
  7524 | D:10     | Reached XP level 11. HP: 85/95 MP: 13/13
  7529 | D:10     | Killed a two-headed ogre
  7598 | D:10     | Found a staircase to the Lair.
  7754 | D:10     | Noticed a cyan ugly thing
  7769 | D:10     | Killed a cyan ugly thing
  7770 | D:10     | Reached skill level 5 in Invocations
  7924 | D:10     | Noticed a centaur warrior
  7933 | D:10     | Reached skill level 9 in Fighting
  7945 | D:10     | Killed a centaur warrior
  8178 | Lair:1   | Entered Level 1 of the Lair of Beasts
  8617 | Lair:1   | Reached skill level 10 in Fighting
  8653 | Lair:1   | Reached skill level 15 in Axes
  8714 | Lair:1   | Reached *** piety under the Shining One
  8732 | Lair:1   | Reached XP level 12. HP: 102/106 MP: 15/15
  9370 | Lair:2   | Noticed Maggie
  9379 | Lair:2   | Killed Maggie
  9484 | Lair:2   | Noticed Gastronok
  9502 | Lair:2   | Killed Gastronok
  9527 | Lair:2   | Found a dark tunnel.
  9536 | Volcano  | Entered a volcano
  9765 | Volcano  | Found a bloodstained altar of Trog.
  9768 | Volcano  | Reached skill level 10 in Shields
 10006 | Volcano  | Noticed a fire dragon
 10015 | Volcano  | Killed a fire dragon
 10355 | Lair:2   | Found a staircase to the Shoals.
 10875 | Lair:3   | Found a staircase to the Snake Pit.
 10883 | Lair:3   | Reached XP level 13. HP: 106/115 MP: 17/17
 11014 | Lair:3   | Reached **** piety under the Shining One
 11290 | Lair:3   | Reached skill level 11 in Fighting
 11582 | Lair:4   | Acquired a +4 heavy executioner's axe
 12261 | Lair:4   | Reached skill level 5 in Dodging
 12355 | Lair:5   | Entered Level 5 of the Lair of Beasts
 12428 | Lair:5   | Noticed Nessos
 12677 | Lair:4   | Killed Nessos
 13002 | Lair:5   | Reached skill level 5 in Throwing
 13002 | Lair:5   | Reached XP level 14. HP: 98/125 MP: 19/19
 13094 | Lair:5   | Found a staircase to the Slime Pits.
 13380 | Lair:5   | Found a viscous altar of Jiyva.
 13504 | Lair:5   | Reached skill level 12 in Fighting
 13704 | Lair:5   | Got Deab's Lectures on Company
 14265 | D:11     | Reached ***** piety under the Shining One
 14738 | D:12     | Noticed Kirke
 14750 | D:12     | Killed Kirke
 14777 | D:12     | Noticed Azrael
 14788 | D:12     | Reached skill level 10 in Armour
 14788 | D:12     | Killed Azrael
 14833 | D:12     | Noticed Psyche
 14837 | D:12     | Killed Psyche
 14844 | D:12     | Found a frozen archway.
 14901 | D:12     | Noticed Urug
 14908 | D:12     | Killed Urug
 14936 | IceCv    | Entered an ice cave
 15435 | IceCv    | Got the Almanac of the Serac
 15546 | D:12     | Reached ****** piety under the Shining One
 15589 | D:12     | Found a staircase to the Orcish Mines.
 15647 | D:12     | Noticed Snorg
 15655 | D:12     | Killed Snorg
 15860 | Orc:1    | Entered Level 1 of the Orcish Mines
 15974 | Orc:2    | Entered Level 2 of the Orcish Mines
 16056 | Orc:2    | Noticed an orc warlord
 16057 | Orc:2    | Reached skill level 13 in Fighting
 16071 | Orc:2    | Killed an orc warlord
 16072 | Orc:2    | Reached skill level 10 in Invocations
 16085 | Orc:2    | Reached XP level 15. HP: 79/135 MP: 21/21
 16090 | Orc:2    | Noticed Blork the orc
 16097 | Orc:2    | Killed Blork the orc
 16203 | Orc:2    | Found Iclerahi's Antique Armour Boutique.
 16263 | Orc:2    | Found Giurch's Antique Weapon Boutique.
 16291 | Orc:2    | Found a staircase to the Elven Halls.
 16383 | Orc:2    | Found Ligast's General Store.
 16391 | Orc:2    | Bought a scroll of identify for 22 gold pieces
 16391 | Orc:2    | Bought a scroll of silence for 104 gold pieces
 16391 | Orc:2    | Bought a scroll of summoning for 104 gold pieces
 16391 | Orc:2    | Bought a potion of heal wounds for 55 gold pieces
 16401 | Orc:2    | Found Onepras's Book Boutique.
 17015 | Orc:1    | Noticed Harold
 17022 | Orc:1    | Killed Harold
 17080 | Orc:1    | You fall into a shaft and drop 1 floor!
 18343 | D:14     | Acquired 788 gold pieces
 18475 | D:14     | Found a glowing silver altar of Zin.
 18591 | D:14     | Reached skill level 1 in Evocations
 18793 | D:14     | Found a gate to the Vaults.
 19198 | D:15     | Entered Level 15 of the Dungeon
 19201 | D:15     | Found a staircase to the Depths.
 19214 | D:15     | Reached skill level 14 in Fighting
 19711 | D:15     | Found a runed translucent gate.
 19711 | D:15     | Found a runed translucent gate.
 19711 | D:15     | Found a runed translucent gate.
 19755 | D:15     | Found a runed translucent gate.
 19755 | D:15     | Found a runed translucent gate.
 19765 | D:15     | Noticed Loaloix's ghost (journeyman GrMo)
 19766 | D:15     | Found a runed translucent gate.
 19838 | D:15     | Killed Loaloix's ghost
 20261 | D:15     | Reached XP level 16. HP: 128/147 MP: 23/23
 20535 | Vaults:1 | Entered Level 1 of the Vaults
 21124 | Vaults:1 | Found a gateway to a bazaar.
 21175 | Bazaar   | Entered a bazaar
 21179 | Bazaar   | Found Tusuraash's General Store.
 21202 | Bazaar   | Found Deps's Antique Armour Emporium.
 21225 | Bazaar   | Found Zulupo Roix's Book Boutique.
 21248 | Bazaar   | Found Jungeque's Antique Weapon Shoppe.
 21296 | Bazaar   | Bought a spiked plate armour for 672 gold pieces
 21296 | Bazaar   | Identified the +0 plate armour "Apnemonu" {rElec rF- Dex+6}
                  | (You bought it in a shop in a bazaar)
 21319 | Bazaar   | Bought a manual of Spellcasting for 960 gold pieces
 21495 | Vaults:1 | Noticed a sphinx
 21511 | Vaults:1 | Killed a sphinx
 22080 | Vaults:1 | Reached skill level 15 in Fighting
 22092 | Vaults:1 | Reached skill level 5 in Spellcasting
 22382 | Vaults:1 | Identified the amulet of Nedak {*Slow rPois Regen+ Str+8}
 22405 | Vaults:1 | Identified the +4 short sword of the Dozen Geomancers
                  | {antimagic, +Blink rPois rF+++ Str-5}
 22452 | Vaults:1 | Identified the +6 scale mail of Conscience {Str+2}
 23021 | Vaults:2 | Reached XP level 17. HP: 120/156 MP: 25/25
 23585 | Vaults:2 | Learned a level 2 spell: Ensorcelled Hibernation
 24089 | Vaults:2 | Reached skill level 5 in Ice Magic
 24542 | Vaults:3 | Reached skill level 1 in Hexes
 24662 | Vaults:3 | Reached skill level 16 in Fighting
 24905 | Vaults:3 | Found a runed translucent door.
 24905 | Vaults:3 | Noticed Saoroy's ghost (adept MiFi)
 24924 | Vaults:3 | Killed Saoroy's ghost
 25090 | Vaults:3 | Found a staircase to the Crypt.
 25090 | Vaults:3 | Found an ancient bone altar of Kikubaaqudgha.
 25090 | Vaults:3 | Found a basalt altar of Yredelemnul.
 25171 | Vaults:3 | Noticed a lich
 25177 | Vaults:3 | Killed a lich
 25414 | Vaults:3 | Found Icykhuq's Antique Armour Emporium.
 25685 | Vaults:3 | Reached skill level 15 in Shields
 25722 | Vaults:3 | Noticed a dread lich
 25730 | Vaults:3 | Killed a dread lich
 25731 | Vaults:3 | Reached XP level 18. HP: 91/168 MP: 13/27
 25814 | Vaults:3 | Found the +7 great mace "Firestarter" {flame, immolate,
                  | rFlCloud rF++}
 25915 | Vaults:3 | Noticed Saint Roka
 26075 | Vaults:3 | Reached skill level 1 in Maces & Flails
 26108 | Vaults:3 | Killed Saint Roka
 26445 | Vaults:4 | Reached skill level 5 in Maces & Flails
 26463 | Vaults:4 | Was placed under penance by the Shining One
 26471 | Vaults:4 | The Shining One protects you from harm!
 26870 | Vaults:4 | Learned a level 3 spell: Ozocubu's Armour
 27013 | Vaults:4 | Identified the ring of Deronit {rElec rN+ EV+5 Str+3}
 27226 | Vaults:4 | Reached skill level 17 in Fighting
 27564 | Vaults:4 | Found Fikirph's Distillery.
 27585 | Vaults:4 | Bought a potion of curing for 36 gold pieces
 27585 | Vaults:4 | Bought a potion of curing for 36 gold pieces
 27585 | Vaults:4 | Bought a potion of heal wounds for 60 gold pieces
 27585 | Vaults:4 | Bought a potion of haste for 120 gold pieces
 27585 | Vaults:4 | Bought a potion of heal wounds for 60 gold pieces
 27613 | Vaults:4 | Learned a level 2 spell: Wereblood
 27757 | Vaults:5 | Entered Level 5 of the Vaults
 27817 | Vaults:4 | Reached skill level 1 in Transmutations
 28025 | Vaults:4 | Reached XP level 19. HP: 76/177 MP: 28/28
 28696 | Vaults:5 | Noticed a golden dragon
 28700 | Vaults:5 | Noticed a golden dragon
 29146 | Vaults:4 | Killed a golden dragon
 29147 | Vaults:4 | Reached skill level 10 in Maces & Flails
 29193 | Vaults:4 | Killed a golden dragon
 29729 | Vaults:5 | Noticed a dread lich
 29798 | Vaults:4 | Killed a dread lich
 29914 | Vaults:5 | Identified the +4 broad axe of Karma {freeze, Will+}
 29947 | Vaults:5 | Was forgiven by the Shining One
 30269 | Vaults:5 | Found the +8 Wrath of Trog {antimagic, *Rage Rampage}
 30285 | Vaults:5 | Noticed a golden dragon
 30348 | Vaults:4 | Reached skill level 18 in Fighting
 30430 | Vaults:5 | Noticed an ancient lich
 30492 | Vaults:5 | Identified the +2 great sword "Conservator" {speed, *Rage
                  | Fly rElec rPois}
 30647 | Vaults:4 | Killed an ancient lich
 30762 | Vaults:5 | Reached XP level 20. HP: 188/188 MP: 29/29
 30772 | Vaults:5 | Reached skill level 5 in Transmutations
 31051 | Vaults:5 | Got the Elucidation of Hurting and Forms
 31069 | Vaults:5 | Killed a golden dragon
 31124 | Vaults:5 | Found the +3 greatsling "Punk" {acid, rCorr}
 31366 | Vaults:5 | Noticed a dread lich
 31383 | Vaults:5 | Killed a dread lich
 31476 | Vaults:5 | Found the +18 shield of the Gong {Loud rN+ Will+ rCorr
                  | EV-5}
 31519 | Vaults:5 | Identified the amulet "Meove" {Faith rC- Will+ Int+5}
 31572 | Vaults:5 | Reached skill level 1 in Ranged Weapons
 31758 | Vaults:5 | Noticed a golden dragon
 31766 | Vaults:5 | Killed a golden dragon
 31936 | Vaults:5 | Identified the +3 scale mail "Ofamn" {rCorr Str+6 Int+2}
 31945 | Vaults:5 | Identified the staff of cold "Ruhiomu" {rPois rC+ rCorr}
 32159 | Vaults:5 | Got a silver rune of Zot
 32216 | Vaults:5 | Identified the +2 scale mail of Patterns {Regen+}
 32220 | Vaults:5 | Identified the staff of cold "Kucaupp" {rElec rC+ Int-4
                  | Dex+5 Stlth+}
 32221 | Vaults:5 | Identified the +1 hat of Catatonia {rF++ rC+ Str-3 Stlth+}
 32222 | Vaults:5 | Identified the staff of conjuration "Qolloj" {rPois}
 32853 | Shoals:1 | Entered Level 1 of the Shoals
 33732 | Shoals:2 | Noticed Polyphemus
 33742 | Shoals:2 | Killed Polyphemus
 34521 | Shoals:3 | Noticed Ilsuiw
 34622 | Shoals:3 | Killed Ilsuiw
 35084 | Shoals:3 | Reached skill level 19 in Fighting
 35209 | Shoals:4 | Entered Level 4 of the Shoals
 35300 | Shoals:4 | Reached skill level 15 in Invocations
 35388 | Shoals:4 | Paralysed by an air elemental for 1 turns
 35512 | Shoals:4 | Paralysed by an air elemental for 1 turns
 35517 | Shoals:4 | Paralysed by an air elemental for 1 turns
 35585 | Shoals:4 | Reached XP level 21. HP: 188/198 MP: 31/31
 35638 | Shoals:4 | Found a stormy altar of Qazlal.
 35675 | Shoals:4 | Paralysed by an air elemental for 1 turns
 36070 | Shoals:4 | Got a barnacled rune of Zot
 36439 | Snake:1  | Entered Level 1 of the Snake Pit
 36676 | Snake:1  | Identified the staff of earth "Idec" {rCorr}
 36845 | Snake:1  | Reached skill level 5 in Evocations
 37363 | Snake:2  | Acquired a manual of Poison Magic
 38226 | Snake:2  | Found a runed translucent gate.
 38226 | Snake:2  | Found a runed translucent gate.
 38226 | Snake:2  | Found a runed translucent gate.
 38227 | Snake:2  | Noticed Sikhub's ghost (adept DECj)
 38242 | Snake:2  | Killed Sikhub's ghost
 38255 | Snake:2  | Identified the ring of Biutaaps {rF+ rN+ Stlth+}
 38601 | Snake:3  | Found Ytwiask's Armour Shop.
 38766 | Snake:3  | Noticed Louise
 38767 | Abyss:3  | Cast into level 3 of the Abyss (Louise)
 38796 | Abyss:4  | Reached skill level 15 in Armour
 38869 | Abyss:4  | Paralysed by accursed screaming for 1 turns
 38870 | Abyss:4  | Got an abyssal rune of Zot
 38875 | Abyss:4  | Paralysed by accursed screaming for 2 turns
 38890 | Abyss:4  | Paralysed by accursed screaming for 1 turns
 38931 | Abyss:4  | Gained mutation: You are occasionally teleported next to
                  | monsters. [a neqoxec]
 38952 | Abyss:4  | Gained mutation: Your body sometimes deteriorates upon
                  | taking damage. [a neqoxec]
 39026 | Snake:3  | Escaped the Abyss
 39037 | Snake:3  | Killed Louise
 39172 | Snake:3  | Lost mutation: Your body sometimes deteriorates upon taking
                  | damage. [potion of mutation]
 39172 | Snake:3  | Lost mutation: You are occasionally teleported next to
                  | monsters. [potion of mutation]
 39172 | Snake:3  | Gained mutation: You are partially covered in iridescent
                  | scales. (AC +2) [potion of mutation]
 39172 | Snake:3  | Gained mutation: You sometimes lose your temper in combat.
                  | [potion of mutation]
 39172 | Snake:3  | Gained mutation: Your muscles are strong. (Str +4, Int/Dex
                  | -1) [potion of mutation]
 39172 | Snake:3  | Gained mutation: Your movements are slightly less
                  | encumbered by armour. (ER -2) [potion of mutation]
 39248 | Snake:3  | Noticed Vashnia
 39278 | Snake:3  | Killed Vashnia
 39596 | Snake:4  | Entered Level 4 of the Snake Pit
 39723 | Snake:4  | Reached XP level 22. HP: 191/209 MP: 32/32
 40046 | Snake:4  | Got a serpentine rune of Zot
 40202 | Snake:4  | Identified the +4 lajatang of the Final Decision {freeze,
                  | rF+ rC+}
 41255 | Elf:1    | Entered Level 1 of the Elven Halls
 41449 | Elf:1    | Noticed Zenata
 41456 | Elf:1    | Killed Zenata
 41671 | Elf:1    | Found an ancient bone altar of Kikubaaqudgha.
 41962 | Elf:1    | Reached skill level 20 in Fighting
 42123 | Elf:1    | Got Sif Muna's Guidebook on Wounds and Calling
 42182 | Elf:1    | Found Hiotaog's Jewellery Boutique.
 42476 | Elf:2    | Identified Roxanne's Incunable of Lithomancy
 42476 | Elf:2    | Noticed Roxanne
 42489 | Elf:2    | Killed Roxanne
 42561 | Elf:2    | Reached skill level 1 in Stealth
 42741 | Elf:2    | Found a runed translucent door.
 42741 | Elf:2    | Noticed kalagan's ghost (journeyman DECj)
 42753 | Elf:2    | Killed kalagan's ghost
 42861 | Elf:2    | Found a runed translucent gate.
 42866 | Elf:2    | Found a runed translucent gate.
 42866 | Elf:2    | Found a runed translucent gate.
 43258 | Elf:3    | Entered Level 3 of the Elven Halls
 43436 | Elf:3    | Found an ancient bone altar of Kikubaaqudgha.
 43529 | Elf:3    | Found Heutsyu's Magic Scroll Shop.
 43533 | Elf:3    | Bought a scroll of immolation for 52 gold pieces
 43533 | Elf:3    | Bought a scroll of teleportation for 39 gold pieces
 43533 | Elf:3    | Bought a scroll of teleportation for 39 gold pieces
 43533 | Elf:3    | Bought a scroll of blinking for 97 gold pieces
 43533 | Elf:3    | Bought a scroll of summoning for 123 gold pieces
 43533 | Elf:3    | Bought a scroll of fear for 52 gold pieces
 43533 | Elf:3    | Bought 3 scrolls of enchant weapon for 292 gold pieces
 43533 | Elf:3    | Bought a scroll of fog for 52 gold pieces
 43533 | Elf:3    | Bought 3 scrolls of poison for 156 gold pieces
 43533 | Elf:3    | Bought a scroll of silence for 123 gold pieces
 43651 | Elf:3    | Reached skill level 5 in Ranged Weapons
 43737 | Elf:3    | Learned a level 2 spell: Blink
 43743 | Elf:3    | Identified the +7 hand axe of Okeex {vamp, rPois rF- Int+3}
 43743 | Elf:3    | Identified the ring "Hizosuj" {rF+ AC+4}
 43751 | Elf:3    | Identified the +6 scimitar of Joyful Slaughter {vamp, rCorr
                  | SInv}
 43751 | Elf:3    | Identified the +1 leather armour of the Old and Reckless
                  | {Drain +Blink Will+++ Str+4}
 43754 | Elf:3    | Identified the +0 plate armour of Pantheism {rF+}
 43754 | Elf:3    | Identified the ring "Barph" {rF+ Int+4}
 43768 | Elf:3    | Reached XP level 23. HP: 217/217 MP: 30/34
 43783 | Elf:3    | Reached skill level 1 in Translocations
 43907 | Elf:3    | Identified the +0 plate armour of Ozuer Fuy {Will+ rCorr
                  | Str+3}
 43924 | Elf:3    | Identified the staff of earth "Reerer" {rF+}
 44365 | Elf:3    | Found a portal to a secret trove of treasure.
 44859 | Depths:1 | Entered Level 1 of the Depths
 45062 | Depths:1 | Found an ancient bone altar of Kikubaaqudgha.
 45284 | Depths:1 | Found a gateway to Hell.
 45537 | Depths:1 | Found a snail-covered altar of Cheibriados.
 45721 | Depths:1 | Found a one-way gate to the infinite horrors of the Abyss.
 45741 | Depths:1 | Found a one-way gate leading to the halls of Pandemonium.
 46548 | Depths:2 | Identified the +0 pair of gloves "Put-Me-On" {Slay+3 SInv}
 46582 | Depths:2 | Noticed an ancient lich
 46587 | Depths:2 | Killed an ancient lich
 46588 | Depths:2 | Reached skill level 15 in Maces & Flails
 46639 | Depths:2 | You fall into a shaft and drop 1 floor!
 46676 | Depths:4 | Entered Level 4 of the Depths
 46991 | Depths:2 | Reached skill level 21 in Fighting
 47586 | Depths:3 | Found a large runed translucent door.
 47586 | Depths:3 | Found a large runed translucent door.
 47621 | Depths:3 | Found a transporter.
 47628 | Depths:3 | Noticed a caustic shrike
 47642 | Depths:3 | Found a transporter.
 47646 | Depths:3 | Noticed Byusuceo's ghost (adept TrMo)
 48505 | Depths:3 | Killed a caustic shrike
 48715 | Depths:3 | Killed Byusuceo's ghost
 48729 | Depths:3 | Identified the amulet of Retye {Fly Will+ Regen+}
 48740 | Depths:3 | Identified the amulet "Gickausa" {Reflect Will+ SH+5}
 48996 | Depths:3 | Reached skill level 10 in Evocations
 49032 | Depths:3 | Noticed a juggernaut
 49063 | Depths:3 | Killed a juggernaut
 49064 | Depths:3 | Reached XP level 24. HP: 231/231 MP: 33/34
 49359 | Depths:3 | Noticed a shard shrike
 49360 | Depths:3 | Identified the +7 tower shield of the Solstice {rPois rC+
                  | Dex+4}
 49367 | Depths:3 | Killed a shard shrike
 49570 | Depths:4 | Reached skill level 22 in Fighting
 49609 | Depths:4 | Found a one-way gateway to a ziggurat.
 49876 | Depths:4 | Found a blossoming altar of Fedhas.
 50099 | Depths:4 | Found a gate to the Realm of Zot.
 50127 | Depths:4 | Reached skill level 5 in Translocations
 50214 | Zot:1    | Entered Level 1 of the Realm of Zot
 50628 | Zot:1    | Found a transporter.
 50655 | Zot:1    | Found the +2 Maxwell's thermic engine {flame, freeze, rev}
 50687 | Zot:1    | Found a transporter.
 51413 | Zot:2    | Found the +4 consecrated labrys {holy, Valiant Fragile Fly
                  | SInv}
 51617 | Zot:2    | Reached skill level 23 in Fighting
 51757 | Zot:2    | You are sucked into a shaft and drop 1 floor!
 51817 | Zot:3    | Reached XP level 25. HP: 56/243 MP: 34/35
 52463 | Zot:3    | Identified the +7 chain mail of Defiance {Contam Int+6}
 53581 | Zot:4    | Reached skill level 24 in Fighting
 53927 | Zot:4    | Learned a level 3 spell: Vhi's Electric Charge
 54083 | Zot:5    | Entered Level 5 of the Realm of Zot
 54172 | Zot:5    | Identified the +7 dagger of Resourcefulness {flame, Fly rF+
                  | Str+2 Dex-5}
 54178 | Zot:5    | Gained mutation: Your spells are a little easier to cast,
                  | but a little less powerful. [mutagenic glow]
 54185 | Zot:5    | Gained mutation: You occasionally lose the ability to read
                  | scrolls when taking damage. [mutagenic glow]
 54195 | Zot:5    | Gained mutation: You are dopey. (Int -2) [mutagenic glow]
 54270 | Zot:5    | Lost mutation: You are partially covered in iridescent
                  | scales. (AC +2) [potion of mutation]
 54270 | Zot:5    | Lost mutation: You occasionally lose the ability to read
                  | scrolls when taking damage. [potion of mutation]
 54270 | Zot:5    | Lost mutation: You sometimes lose your temper in combat.
                  | [potion of mutation]
 54270 | Zot:5    | Gained mutation: Your magical capacity is low. (-10% MP)
                  | [potion of mutation]
 54270 | Zot:5    | Gained mutation: You are vulnerable to cold. (rC-) [potion
                  | of mutation]
 54271 | Zot:5    | Lost mutation: Your muscles are strong. (Str +4, Int/Dex
                  | -1) [potion of mutation]
 54271 | Zot:5    | Lost mutation: You are vulnerable to cold. (rC-) [potion of
                  | mutation]
 54271 | Zot:5    | Lost mutation: Your magical capacity is low. (-10% MP)
                  | [potion of mutation]
 54271 | Zot:5    | Gained mutation: You are agile. (Dex +4, Str/Int -1)
                  | [potion of mutation]
 54271 | Zot:5    | Gained mutation: Your body sometimes deteriorates upon
                  | taking damage. [potion of mutation]
 54272 | Zot:5    | Lost mutation: Your body sometimes deteriorates upon taking
                  | damage. [potion of mutation]
 54272 | Zot:5    | Lost mutation: Your movements are slightly less encumbered
                  | by armour. (ER -2) [potion of mutation]
 54272 | Zot:5    | Lost mutation: Your spells are a little easier to cast, but
                  | a little less powerful. [potion of mutation]
 54272 | Zot:5    | Gained mutation: Your flesh is cold resistant. (rC+)
                  | [potion of mutation]
 54272 | Zot:5    | Gained mutation: Your muscles are strong. (Str +4, Int/Dex
                  | -1) [potion of mutation]
 54273 | Zot:5    | Lost mutation: You are dopey. (Int -2) [potion of mutation]
 54273 | Zot:5    | Lost mutation: Your muscles are strong. (Str +4, Int/Dex
                  | -1) [potion of mutation]
 54273 | Zot:5    | Lost mutation: Your flesh is cold resistant. (rC+) [potion
                  | of mutation]
 54273 | Zot:5    | Gained mutation: You passively map a small area around you.
                  | [potion of mutation]
 54273 | Zot:5    | Gained mutation: You are vulnerable to cold. (rC-) [potion
                  | of mutation]
 54480 | Zot:5    | Reached skill level 1 in Air Magic
 54666 | Zot:5    | Noticed an ancient lich
 54682 | Zot:5    | Noticed an orb of fire
 54689 | Zot:5    | Killed an ancient lich
 54691 | Zot:5    | Gained mutation: Armour fits poorly on your strangely
                  | shaped body. [an orb of fire]
 54703 | Zot:5    | Killed an orb of fire
 54709 | Zot:5    | Lost mutation: You are vulnerable to cold. (rC-) [potion of
                  | mutation]
 54709 | Zot:5    | Lost mutation: You passively map a small area around you.
                  | [potion of mutation]
 54709 | Zot:5    | Lost mutation: Armour fits poorly on your strangely shaped
                  | body. [potion of mutation]
 54709 | Zot:5    | Gained mutation: Your spells are a little easier to cast,
                  | but a little less powerful. [potion of mutation]
 54709 | Zot:5    | Gained mutation: You have large cloven feet. [potion of
                  | mutation]
 54793 | Zot:5    | Noticed a Killer Klown
 54799 | Zot:5    | Killed a Killer Klown
 55006 | Zot:5    | Noticed a Killer Klown
 55037 | Zot:5    | Killed a Killer Klown
 55101 | Zot:5    | Noticed an ancient lich
 55114 | Zot:5    | Killed an ancient lich
 55233 | Zot:5    | Reached XP level 26. HP: 211/256 MP: 35/35
 55274 | Zot:5    | Noticed an orb of fire
 55278 | Zot:5    | Gained mutation: Armour fits poorly on your strangely
                  | shaped body. [an orb of fire]
 55282 | Zot:5    | Got the Orb of Zot
 55283 | Zot:5    | Gained mutation: You sometimes lose your temper in combat.
                  | [an orb of fire]
 55293 | Zot:5    | Gained mutation: You are dopey. (Int -2) [an orb of fire]
 55301 | Zot:5    | Gained mutation: You are occasionally teleported next to
                  | monsters. [an orb of fire]
 55312 | Zot:5    | HP: 7/256 [orb of fire/fireball (41)]
 55319 | Zot:5    | HP: 2/256 [Orb Guardian (23)]
 55332 | Zot:5    | Noticed an ancient lich
 55345 | Zot:5    | Gained mutation: You are vulnerable to heat. (rF-) [an orb
                  | of fire]
 55359 | Zot:5    | Slain by an Orb Guardian

Illustrated notes

Levels and vault maps discovered:
D:1:      spicycebolla_arrival_xxxplode, layout_loops_ring,
          minmay_misc_feat_five, minmay_rat_gold_closets
D:2:      layout_rooms, uniq_natasha
D:3:      layout_basic, portal_sewer_entry_f, chequers_serial_rivers_large_a,
          st_stairs_13
D:4:      layout_rooms, chequers_serial_rivers_micro_b
D:5:      layout_basic, nicolae_uskayaw_en_pointe,
          mainiacjoe_overflow_six_doors_small, chequers_ossuary_entry_cave
D:6:      layout_basic, minmay_temple_entry_wispy, serial_shops,
          nicolae_shop_hallway_plus
D:7:      layout_basic, mainiacjoe_overflow_catwalk,
          mainiacjoe_overflow_alcove_2, chequers_temple_overflow_minitemple
D:8:      layout_loops_cross
D:9:      layout_roguey, serial_shops, shop, dk_noncrumbling_3
D:10:     minmay_opposing_rooms, layout_irregular_city, lemuel_doored_altar,
          lair_entry_dummy
D:11:     layout_stronghold
D:12:     layout_rooms, minmay_orc_entry_guard_dogs, portal_ice_cave_rime,
          uniq_snorg, uniq_kirke, uniq_psyche, uniq_urug, uniq_azrael
D:13:     hellmonk_destroyed_diamonds, layout_basic
D:14:     layout_big_octagon, grunt_vaults_entry_tiered, serial_glass,
          glass_columns_c, glass_columns_a, nicolae_hexahallways,
          zin_scriptorium
D:15:     gammafunk_depths_entry_grave, layout_rooms,
          ploomutoo_gammafunk_ghost_potion_laboratory,
          hangedman_abyss_or_decor_jellyfish_corner
Temple:   hellmonk_temple_forest_ring
Lair:1:   layout_cave_pods, special_room [special_room_bee]
Lair:2:   layout_small_grid, minmay_shoals_entry_centaurs, enter_volcano_2,
          uniq_gastronok, uniq_maggie
Lair:3:   layout_loops_ring, nicolae_snake_entry_warm_welcome,
          grunt_megastairs_4
Lair:4:   beast_lair_carwin_large_2, layout_loops_ring, serial_bayou_lagoon_b,
          lemuel_fruit_tree
Lair:5:   grunt_lair_end_beastmaster, layout_cave_shapes, slime_entry_1,
          uniq_nessos
Shoals:1: layout_shoals
Shoals:2: layout_shoals, uniq_polyphemus
Shoals:3: layout_shoals, nicolae_shoals_water_booths, uniq_ilsuiw
Shoals:4: shoals_end_hellmonk_storm_palace [storm_palace_center_circular,
          storm_palace_corner_altar, storm_palace_corner_grid,
          storm_palace_corner_blocked, storm_palace_corner_narrow]
Snake:1:  layout_layer_cave, nicolae_triple_integral
Snake:2:  layout_layer_cave, gammafunk_ghost_necromancy,
          nicolae_large_snake_swirl
Snake:3:  layout_gridlike, serial_shops, shop, uniq_louise, uniq_vashnia
Snake:4:  minmay_snake_end_coiled, layout_chambers
Orc:1:    layout_diamond_mine, uniq_harold
Orc:2:    grunt_orc_cross, layout_caves
Elf:1:    layout_geoelf_octagon, serial_shops, nicolae_shop_tiny_glass,
          serial_sigils, serial_sigils_hangedman_quiver,
          serial_sigils_hangedman_shear, serial_sigils_hangedman_gut,
          serial_sigils_hangedman_writhe, basic_altar, minmay_elf_sorcery,
          uniq_zenata
Elf:2:    elven_hall_of_blades_hangedman_original [nicolae_blade_lattice],
          layout_gridlike, gammafunk_ghost_grave, uniq_roxanne
Elf:3:    minmay_elf_hall_statues, layout_loops_cross, trove_entry_hex_spiral,
          serial_shops, nicolae_shop_window_shopping, basic_altar,
          patterned_corridor
Vaults:1: nicolae_vaults_triangles, hangedman_vaults_nails,
          ontoclasm_vaults_twist, nicolae_vaults_closet_pinwheel_3,
          vaults_room_door_ring, vaults_mumra_lcd,
          nicolae_vaults_storing_the_good_stuff, v_misc_19,
          vaults_room_ringed_pool, v_alt_pattern_2,
          nicolae_vaults_border_crossing, nicolae_vaults_double_plus_1,
          v_alt_pattern_6, layout_vaults_ring, serial_shops, bzr_entry_gold
Vaults:2: nicolae_vaults_storage_closets_1, v_misc_13,
          nicolae_vaults_closet_pinwheel_6, v_alt_pattern_4,
          nicolae_vaults_little_squares_4, nicolae_vaults_alarming, v_misc_14,
          layout_vaults_quadrants
Vaults:3: gammafunk_ghost_grave, nicolae_vaults_mush_room, hangedman_vaults_hat,
          nicolae_vaults_trapezoid_1, minmay_crypt_entry_necro_gods,
          nicolae_vaults_tetromino_T_1, nicolae_vaults_variable_pillar_hall,
          hangedman_vaults_corner, nicolae_vaults_little_squares_3,
          ontoclasm_vaults_chip, nicolae_vaults_heart-shaped_vault,
          nicolae_vaults_trapezoid_2, layout_vaults_chaotic_city, serial_shops,
          nicolae_shop_statue_plus, uniq_saint_roka
Vaults:4: hangedman_vaults_capsules, vaults_mumra_chevron, grunt_vaults_focal,
          nicolae_vaults_heart-shaped_vault, nicolae_vaults_theta,
          nicolae_vaults_heist, nicolae_vaults_mini_display_case, v_rooms_4,
          v_alt_pattern_1, v_misc_16, nicolae_vaults_hallways_thing,
          ontoclasm_vaults_shuriken, nicolae_vaults_surprise_closet_hard,
          grunt_vaults_twisty, nicolae_vaults_diamond_1, layout_vaults_omnibox,
          serial_shops, shop
Vaults:5: uniq_margery
Depths:1: layout_long_grid, pan_entry, hell_entry, kiku_gazebo_garden_becter,
          abyss_entry_small_statue_room, minmay_large_rounded_square,
          slow_altar_2, serial_bayou_shore_b, serial_bayou_shore_a
Depths:2: minmay_tri_stars, layout_honeycomb, roderic_lattice_a, hell_entry,
          rand_demon_pan_entry_1, minmay_staircase_bubble
Depths:3: lightli_eight_chambers, layout_gridlike, abyss_entry,
          pf_hell_entry_tar_river, gammafunk_ghost_berserking_beasts,
          kennysheep_generic_room_13, grunt_megastairs_5, serial_bayou_shore_b,
          infiniplex_staircase_diamond
Depths:4: grunt_zot_entry_tricorne, layout_cave_shapes, enter_ziggurat_f,
          hell_entry, fedhas_altar_3, pan_entry
Zot:1:    layout_onion_interference, nicolae_diode_stairs
Zot:2:    layout_onion_interference
Zot:3:    layout_onion_interference
Zot:4:    layout_gridlike, grunt_megastairs_1
Zot:5:    layout_misc_corridors, lemuel_baited_zot_trap

Skill      XL: |  1  2  3  4  5  6  7  8  9 10 11 12 13 14 15 16 17 18 19 20 21 22 23 24 25 |
---------------+----------------------------------------------------------------------------+-----
Fighting       | 4 5 6 7 8 10 11 13 14 15 16 17 18 19 20 21 23 24 | 24.4
Armour         | 4 5 6 7 8 9 10 11 12 13 14 15 16 17 | 17.7
Axes           | 3 4 5 6 7 10 11 13 15 16 17 18 19 20 21 22 23 | 23.8
Shields        | 4 5 7 9 10 11 12 13 14 15 16 17 18 19 20 | 20.4
Dodging        | 1 2 3 5 7 8 9 |  9.2
Throwing       | 1 2 3 4 5 6 7 |  7.2
Long Blades    | 2 4 |  4.9
Ice Magic      | 1 3 4 5 |  5.6
Spellcasting   | 1 2 3 4 5 6 7 |  7.1
Invocations    | 2 4 6 7 8 10 11 12 13 14 15 16 17 18 19 | 19.1
Evocations     | 1 4 7 8 10 11 12 | 12.3
Hexes          | 2 4 |  4.4
Maces & Flails | 9 10 11 13 14 15 16 | 16.3
Transmutations | 2 4 5 |  5.8
Ranged Weapons | 3 5 7 8 |  8.1
Stealth        | 1 |  1.2
Translocations | 4 6 7 |  7.1
Air Magic      | 2 |  2.8

Action                     |  1- 3 |  4- 6 |  7- 9 | 10-12 | 13-15 | 16-18 | 19-21 | 22-24 | 25-27 || total
---------------------------+-------+-------+-------+-------+-------+-------+-------+-------+-------++-------
  Melee: War axe           |    55 |   191 |   264 |   403 |       |       |       |       |       ||   913
         Headbutt          |     4 |    15 |    45 |   137 |   245 |   271 |   355 |   405 |   152 ||  1629
         Falchion          |       |       |    16 |       |       |       |       |       |       ||    16
         Broad axe         |       |       |       |   124 |   728 |   643 |   652 |   843 |   424 ||  3414
         Executioner's axe |       |       |       |       |   122 |       |       |       |       ||   122
         Great mace        |       |       |       |       |       |   177 |   434 |   384 |       ||   995
         Short sword       |       |       |       |       |       |       |     2 |       |       ||     2
         Great sword       |       |       |       |       |       |       |    78 |       |       ||    78
         Punch             |       |       |       |       |       |       |       |     3 |       ||     3
   Fire: Greatsling        |       |       |       |       |       |       |    65 |   102 |    30 ||   197
  Throw: Boomerang         |     4 |     7 |       |       |       |       |       |       |       ||    11
         Dart              |       |     2 |    16 |    39 |    57 |    72 |    16 |       |       ||   202
   Cast: Frozen Ramparts   |       |       |       |       |       |     3 |       |     1 |     3 ||     7
         Ensorcelled Hiber |       |       |       |       |       |     3 |       |    32 |       ||    35
         Wereblood         |       |       |       |       |       |     2 |     6 |    23 |       ||    31
         Ozocubu's Armour  |       |       |       |       |       |     1 |       |     1 |       ||     2
 Invoke: Divine Shield     |       |       |       |       |     2 |     5 |     7 |     8 |     5 ||    27
         Cleansing Flame   |       |       |       |       |     7 |     4 |       |     8 |     1 ||    20
         Summon Divine War |       |       |       |       |       |     3 |     1 |     6 |       ||    10
  Evoke: Wand              |       |       |       |     6 |     9 |     3 |    10 |    17 |    14 ||    59
         Phial of floods   |       |       |       |       |       |     1 |     1 |     2 |       ||     4
         Box of beasts     |       |       |       |       |       |     1 |     1 |     1 |       ||     3
         Lightning rod     |       |       |       |       |       |       |    10 |    13 |     4 ||    27
         Tin of tremorston |       |       |       |       |       |       |     4 |     6 |       ||    10
         Phantom mirror    |       |       |       |       |       |       |       |     2 |     1 ||     3
    Use: Scroll            |     3 |     3 |    11 |     9 |    20 |     9 |    13 |    12 |     6 ||    86
         Potion            |     1 |       |     1 |       |     2 |     7 |    10 |     6 |     9 ||    36
 Armour: Scale mail        |    34 |    94 |    20 |       |       |   213 |    44 |       |       ||   405
         Ring mail         |       |       |    28 |       |       |       |       |       |       ||    28
         Plate armour      |       |       |    40 |   232 |   351 |    44 |       |       |       ||   667
         Shadow dragon sca |       |       |       |       |       |       |   148 |       |       ||   148
         Gold dragon scale |       |       |       |       |       |       |   406 |   610 |   182 ||  1198
  Dodge: Dodged            |    27 |    89 |    83 |   121 |   172 |   257 |   639 |   490 |   139 ||  2017
  Block: Buckler           |    12 |    75 |   116 |   229 |       |       |   190 |       |       ||   622
         Reflection        |       |     4 |     6 |    14 |    24 |     6 |    15 |    49 |     5 ||   123
         Kite shield       |       |       |       |    47 |   609 |   251 |   198 |   807 |   406 ||  2318
         Other             |       |       |       |       |    24 |    13 |    33 |     7 |       ||    77
         Tower shield      |       |       |       |       |       |   170 |   168 |       |       ||   338
